TOP OF THE 1ST |
Louisiana State University Tigers batting - Pitching for University of Minnesota Golden Gophers : LHP Ruben Cardenas
|
Pitching: LHP Ruben Cardenas
|
|
Batting: LHB Oscar Rivera
|
0-0: Ball 1-0: Foul Ball, location: 2F 1-1: Called Strike 1-2: Strikes out swinging
|
Batting: RHB Ryan West
|
0-0: Called Strike 0-1: SINGLE (Groundball, 56D, EV 103.1 MPH)
|
Batting: RHB Stewart Walker
|
0-0: Ball 1-0: Foul Ball, location: 2F 1-1: Foul Ball, location: 2F 1-2: Ball 2-2: Foul Ball, location: 2F 2-2: Ball 3-2: Foul Ball, location: 2F 3-2: Fielders Choice at 2nd, 5-4 (Groundball, 5L, EV 98.1 MPH)
|
Batting: RHB Bernie Benavides
|
0-0: Called Strike Stewart Walker is caught stealing 2nd base 2-4
|
Top of the 1st over - 0 runs, 1 hit, 0 errors, 0 left on base; Louisiana State University 0 - University of Minnesota 0 |
BOTTOM OF THE 1ST |
University of Minnesota Golden Gophers batting - Pitching for Louisiana State University Tigers : RHP Larry Donahue
|
Pitching: RHP Larry Donahue
|
|
Batting: RHB Tatsuyoshi Ikeda
|
0-0: Called Strike 0-1: Swinging Strike 0-2: SINGLE (Line Drive, 89S, EV 93.8 MPH)
|
Batting: RHB Ritter Naehr
|
0-0: Ball 1-0: Called Strike 1-1: Called Strike 1-2: Strikes out swinging
|
Batting: RHB Tommy Molinaro
|
0-0: Called Strike Tatsuyoshi Ikeda is caught stealing 2nd base 2-4 0-1: Ground out U3 (Groundball, 3S, EV 86.2 MPH)
|
Bottom of the 1st over - 0 runs, 1 hit, 0 errors, 0 left on base; Louisiana State University 0 - University of Minnesota 0 |
TOP OF THE 2ND |
Louisiana State University Tigers batting - Pitching for University of Minnesota Golden Gophers : LHP Ruben Cardenas
|
Batting: RHB Bernie Benavides
|
0-0: Ball 1-0: Swinging Strike 1-1: Foul Ball, location: 2F 1-2: Ball 2-2: Strikes out swinging
|
Batting: LHB Matt Ellington
|
0-0: Foul Ball, location: 2F 0-1: Called Strike 0-2: Ball 1-2: Ball 2-2: Fly out, F8 (Flyball, 89D, EV 93.8 MPH)
|
Batting: RHB Tyler Lackie
|
0-0: Called Strike 0-1: Called Strike 0-2: Ball 1-2: Strikes out swinging
|
Top of the 2nd over - 0 runs, 0 hits, 0 errors, 0 left on base; Louisiana State University 0 - University of Minnesota 0 |
BOTTOM OF THE 2ND |
University of Minnesota Golden Gophers batting - Pitching for Louisiana State University Tigers : RHP Larry Donahue
|
Batting: RHB Ron Gooch
|
0-0: Ball 1-0: Swinging Strike 1-1: SINGLE (Line Drive, 9S, EV 98.1 MPH)
|
Batting: RHB Chance Koehn
|
0-0: Ball 1-0: Fly out, F9 (Flyball, 89D, EV 80.0 MPH)
|
Batting: RHB Jian-zhang Zhào
|
0-0: Fielders Choice at 2nd, 4-6 (Groundball, 34, EV 110.0 MPH)
|
Batting: LHB Bobby Agterberg
|
0-0: Called Strike Jian-zhang Zhào is caught stealing 2nd base 2-6
|
Bottom of the 2nd over - 0 runs, 1 hit, 0 errors, 0 left on base; Louisiana State University 0 - University of Minnesota 0 |
TOP OF THE 3RD |
Louisiana State University Tigers batting - Pitching for University of Minnesota Golden Gophers : LHP Ruben Cardenas
|
Batting: SHB Marshall Miller
|
0-0: Ball 1-0: Ball 2-0: Reached on error, E6 (Groundball, 6M, EV 100.0 MPH)
|
Batting: RHB Dave Fell
|
0-0: Ball 1-0: Reached on error, E6 (Groundball, 6M, EV 83.8 MPH) Marshall Miller to third
|
Batting: RHB Wes Laurendeau
|
0-0: Fly out, F3 (Popup, 23F, EV 85.0 MPH)
|
Batting: LHB Oscar Rivera
|
0-0: Called Strike Dave Fell is caught stealing 2nd base 2-6 0-1: Foul Ball, location: 2F 0-2: Foul Ball, location: 2F 0-2: Strikes out looking
|
Top of the 3rd over - 0 runs, 0 hits, 2 errors, 1 left on base; Louisiana State University 0 - University of Minnesota 0 |
BOTTOM OF THE 3RD |
University of Minnesota Golden Gophers batting - Pitching for Louisiana State University Tigers : RHP Larry Donahue
|
Batting: LHB Bobby Agterberg
|
0-0: Ball 1-0: Swinging Strike 1-1: Swinging Strike 1-2: Fly out, F8 (Flyball, 8LXD, EV 91.9 MPH)
|
Batting: SHB Chris Rodgers
|
0-0: Called Strike 0-1: Ball 1-1: Foul Ball, location: 2F 1-2: Ball 2-2: Strikes out swinging
|
Batting: RHB Jonathan Wallace
|
0-0: Ground out 4-3 (Groundball, 4, EV 106.9 MPH)
|
Bottom of the 3rd over - 0 runs, 0 hits, 0 errors, 0 left on base; Louisiana State University 0 - University of Minnesota 0 |
TOP OF THE 4TH |
Louisiana State University Tigers batting - Pitching for University of Minnesota Golden Gophers : LHP Ruben Cardenas
|
Batting: RHB Ryan West
|
0-0: SINGLE (Line Drive, 89S, EV 91.2 MPH)
|
Batting: RHB Stewart Walker
|
0-0: Called Strike 0-1: SINGLE (Flyball, 8RS, EV 96.2 MPH) Ryan West to second
|
Batting: RHB Bernie Benavides
|
0-0: Called Strike 0-1: Foul Ball, location: 2F 0-2: Strikes out swinging
|
Batting: LHB Matt Ellington
|
0-0: Called Strike 0-1: Foul Ball, location: 2F 0-2: Reached on error, E5 (Groundball, 5, EV 98.8 MPH) Ryan West to third Stewart Walker to second
|
Batting: RHB Tyler Lackie
|
0-0: Grounds into fielders choice 4-2 (Groundball, 4, EV 89.4 MPH) Stewart Walker to third Matt Ellington to second
|
Batting: SHB Marshall Miller
|
0-0: Ground out 4-3 (Groundball, 4, EV 80.0 MPH)
|
Top of the 4th over - 0 runs, 2 hits, 1 error, 3 left on base; Louisiana State University 0 - University of Minnesota 0 |
BOTTOM OF THE 4TH |
University of Minnesota Golden Gophers batting - Pitching for Louisiana State University Tigers : RHP Larry Donahue
|
Batting: RHB Tatsuyoshi Ikeda
|
0-0: Ball 1-0: Foul Ball, location: 2F 1-1: Fly out, F8 (Flyball, 89S, EV 76.2 MPH)
|
Batting: RHB Ritter Naehr
|
0-0: Fly out, F3 (Popup, 3S, EV 65.6 MPH)
|
Batting: RHB Tommy Molinaro
|
0-0: Ball 1-0: Ball 2-0: Ball 3-0: Called Strike 3-1: Base on Balls
|
Batting: RHB Ron Gooch
|
0-0: Called Strike 0-1: Foul Ball, location: 2F 0-2: Fielders Choice at 2nd, 5-4 (Groundball, 56, EV 108.8 MPH)
|
Bottom of the 4th over - 0 runs, 0 hits, 0 errors, 1 left on base; Louisiana State University 0 - University of Minnesota 0 |
TOP OF THE 5TH |
Louisiana State University Tigers batting - Pitching for University of Minnesota Golden Gophers : LHP Ruben Cardenas
|
Pitching: RHP Dan Lupo
|
|
Now at 1B: Jose Moncada
|
|
Batting: RHB Dave Fell
|
0-0: Foul Ball, location: 2F 0-1: Ball 1-1: Ball 2-1: Ball 3-1: Called Strike 3-2: Base on Balls
|
Batting: RHB Wes Laurendeau
|
0-0: Called Strike Dave Fell steals 2nd base 0-1: Ground out 6-3 (Groundball, 6, EV 91.2 MPH)
|
Batting: LHB Oscar Rivera
|
0-0: Ball 1-0: Ball 2-0: Ball 3-0: Base on Balls
|
Pinch Hitting: RHB Byung-hee Jee
|
0-0: Ball 1-0: DOUBLE (Line Drive, 89D, EV 112.5 MPH) Dave Fell scores Oscar Rivera to third
|
Pinch Hitting: RHB Keith Ashton
|
0-0: SINGLE (Groundball, 4MD, EV 100.6 MPH) Oscar Rivera scores Byung-hee Jee to third Runner from 3rd tries for Home, SAFE, throw by CF to home
|
Pitching: RHP Dan Mondro
|
|
Batting: RHB Bernie Benavides
|
|
Batting: RHB David Olivarez
|
0-0: Called Strike 0-1: Ball 1-1: Ball 2-1: Foul Ball, location: 2F 2-2: Foul Ball, location: 2F 2-2: Ball 3-2: Strikes out swinging
|
Batting: LHB Matt Ellington
|
0-0: Fly out, F6 (Line Drive, 4M, EV 70.0 MPH)
|
Top of the 5th over - 3 runs, 2 hits, 0 errors, 1 left on base; Louisiana State University 3 - University of Minnesota 0 |
BOTTOM OF THE 5TH |
University of Minnesota Golden Gophers batting - Pitching for Louisiana State University Tigers : RHP Larry Donahue
|
Now at 2B: Michael Maier
|
|
Now at 3B: Keith Ashton
|
|
Now at SS: Wes Laurendeau
|
|
Batting: RHB Chance Koehn
|
0-0: Swinging Strike 0-1: Swinging Strike 0-2: Ball 1-2: Strikes out swinging
|
Batting: RHB Jian-zhang Zhào
|
0-0: Swinging Strike 0-1: Ball 1-1: Ball 2-1: Ground out 5-3 (Groundball, 15, EV 85.6 MPH)
|
Batting: LHB Bobby Agterberg
|
0-0: Foul Ball, location: 2F 0-1: Ball 1-1: Ball 2-1: Foul Ball, location: 2F 2-2: Ball 3-2: Strikes out swinging
|
Bottom of the 5th over - 0 runs, 0 hits, 0 errors, 0 left on base; Louisiana State University 3 - University of Minnesota 0 |
TOP OF THE 6TH |
Louisiana State University Tigers batting - Pitching for University of Minnesota Golden Gophers : RHP Dan Mondro
|
Now in LF: Dave Uttley
|
|
Now in RF: Roy Evenden
|
|
Pinch Hitting: RHB Roku Miyahara
|
0-0: Called Strike 0-1: Called Strike 0-2: Strikes out swinging
|
Pinch Hitting: RHB Zachary Acker
|
0-0: Swinging Strike 0-1: Swinging Strike 0-2: Ground out 5-3 (Groundball, 56, EV 101.9 MPH)
|
Pinch Hitting: LHB Carsten Obenauer
|
0-0: Ball 1-0: Ball 2-0: Ground out 5-3 (Groundball, 56, EV 103.8 MPH)
|
Top of the 6th over - 0 runs, 0 hits, 0 errors, 0 left on base; Louisiana State University 3 - University of Minnesota 0 |
BOTTOM OF THE 6TH |
University of Minnesota Golden Gophers batting - Pitching for Louisiana State University Tigers : RHP Larry Donahue
|
Now at 1B: Steve Ritchie
|
|
Now in LF: Brian Caruso
|
|
Now in CF: Oscar Rivera
|
|
Now in RF: Elvin Ruffolo
|
|
Batting: SHB Chris Rodgers
|
0-0: Fly out, F9 (Flyball, 9LS, EV 88.8 MPH)
|
Batting: RHB Jonathan Wallace
|
0-0: Foul Ball, location: 2F 0-1: Ball 1-1: Ball 2-1: Foul Ball, location: 2F 2-2: Fly out, F4 (Flyball, 4D, EV 82.5 MPH)
|
Batting: LHB Gabe Cothron
|
0-0: Ball 1-0: Ball 2-0: Foul Ball, location: 2F 2-1: Swinging Strike 2-2: Strikes out swinging
|
Bottom of the 6th over - 0 runs, 0 hits, 0 errors, 0 left on base; Louisiana State University 3 - University of Minnesota 0 |
TOP OF THE 7TH |
Louisiana State University Tigers batting - Pitching for University of Minnesota Golden Gophers : RHP Dan Mondro
|
Pitching: RHP Eddie Young
|
|
Now at C: Josh Gifford
|
|
Pinch Hitting: RHB Steve McCoig
|
0-0: SINGLE (Groundball, 56D, EV 103.1 MPH)
|
Pinch Hitting: RHB Matt Grant
|
0-0: Bunted foul 0-1: Sac Bunt to 13S - play at first, batter OUT! 1-3 Steve McCoig to second
|
Batting: RHB Michael Maier
|
0-0: Foul Ball, location: 2F 0-1: Called Strike 0-2: Foul Ball, location: 2F 0-2: Strikes out swinging
|
Batting: RHB Keith Ashton
|
0-0: Ball 1-0: Ball 2-0: Ball 3-0: Called Strike 3-1: Base on Balls
|
Batting: RHB David Olivarez
|
0-0: Called Strike 0-1: Ground out 4-3 (Groundball, 4, EV 85.0 MPH)
|
Top of the 7th over - 0 runs, 1 hit, 0 errors, 2 left on base; Louisiana State University 3 - University of Minnesota 0 |
BOTTOM OF THE 7TH |
University of Minnesota Golden Gophers batting - Pitching for Louisiana State University Tigers : RHP Larry Donahue
|
Pitching: LHP Bob Arms
|
|
Now at SS: Steve McCoig
|
|
Now in CF: Matt Grant
|
|
Batting: LHB Jose Moncada
|
0-0: Foul Ball, location: 2F 0-1: Ball 1-1: Called Strike 1-2: Strikes out looking
|
Batting: RHB Josh Gifford
|
0-0: Ball 1-0: Hit by Pitch
|
Pinch Hitting: RHB Toshio Saiki
|
0-0: Called Strike 0-1: Fly out, F3 (Line Drive, 3, EV 61.9 MPH)
|
Batting: RHB Roy Evenden
|
0-0: Fielders Choice at 2nd, 6-4 (Groundball, 6, EV 91.9 MPH)
|
Bottom of the 7th over - 0 runs, 0 hits, 0 errors, 1 left on base; Louisiana State University 3 - University of Minnesota 0 |
TOP OF THE 8TH |
Louisiana State University Tigers batting - Pitching for University of Minnesota Golden Gophers : RHP Eddie Young
|
Now at 2B: Toshio Saiki
|
|
Batting: LHB Matt Ellington
|
0-0: Swinging Strike 0-1: Ball 1-1: Ball 2-1: Ball 3-1: Base on Balls
|
Batting: SHB Brian Caruso
|
0-0: Called Strike 0-1: Ball 1-1: Ball 2-1: Ball 3-1: Base on Balls Matt Ellington to second
|
Batting: RHB Elvin Ruffolo
|
0-0: Bunt - Flyout to 15S! F1
|
Batting: LHB Steve Ritchie
|
0-0: Ball 1-0: DOUBLE (Flyball, 8LD, EV 83.8 MPH) Matt Ellington scores Brian Caruso to third
|
Pitching: LHP Matt Wooldridge
|
|
Batting: RHB Steve McCoig
|
0-0: Fly out, F8 (Flyball, 8RM, EV 86.2 MPH) Runner from 3rd tags up, OUT at HOME! 8-2
|
Top of the 8th over - 1 run, 1 hit, 0 errors, 1 left on base; Louisiana State University 4 - University of Minnesota 0 |
BOTTOM OF THE 8TH |
University of Minnesota Golden Gophers batting - Pitching for Louisiana State University Tigers : LHP Bob Arms
|
Pitching: LHP Luis Sandoval
|
|
Pinch Hitting: RHB Farakiko Haunani
|
0-0: DOUBLE (Flyball, 78XD, EV 115.0 MPH)
|
Pinch Hitting: RHB Jose Garrido
|
0-0: Ball 1-0: Fly out, F8 (Flyball, 8RD, EV 94.4 MPH)
|
Pinch Hitting: LHB Constant Consalvi
|
0-0: Ball 1-0: Fly out, F9 (Flyball, 9LD, EV 107.5 MPH)
|
Pinch Hitting: LHB Phil Bonner
|
0-0: Swinging Strike 0-1: Ball 1-1: Called Strike 1-2: Ball 2-2: Strikes out swinging
|
Bottom of the 8th over - 0 runs, 1 hit, 0 errors, 1 left on base; Louisiana State University 4 - University of Minnesota 0 |
TOP OF THE 9TH |
Louisiana State University Tigers batting - Pitching for University of Minnesota Golden Gophers : LHP Matt Wooldridge
|
Pitching: LHP Ryan Hancock
|
|
Now at 3B: Phil Bonner
|
|
Now at SS: Farakiko Haunani
|
|
Now in LF: Constant Consalvi
|
|
Now in CF: Chang-wei Go
|
|
Batting: RHB Matt Grant
|
0-0: Called Strike 0-1: Foul Ball, location: 2F 0-2: Foul Ball, location: 2F 0-2: Ball 1-2: Ball 2-2: Foul Ball, location: 2F 2-2: Ground out 5-3 (Groundball, 56, EV 85.6 MPH)
|
Pinch Hitting: RHB Bobby Hanson
|
0-0: Called Strike 0-1: Ball 1-1: Ball 2-1: Swinging Strike 2-2: Single, Error in OF, E9, batter to second base (Groundball, 34D, EV 98.1 MPH)
|
Pinch Hitting: SHB Graham Beamish
|
0-0: Ground out U3 (Groundball, 34, EV 85.6 MPH) Bobby Hanson to third
|
Batting: LHB Manny Grado
|
0-0: Ground out U3 (Groundball, 3, EV 103.1 MPH)
|
Top of the 9th over - 0 runs, 1 hit, 1 error, 1 left on base; Louisiana State University 4 - University of Minnesota 0 |
BOTTOM OF THE 9TH |
University of Minnesota Golden Gophers batting - Pitching for Louisiana State University Tigers : LHP Luis Sandoval
|
Pitching: RHP Rogelio Rivera
|
|
Now at 2B: Mike Catalano
|
|
Now at 3B: Paul Blaylock
|
|
Batting: LHB Gabe Cothron
|
0-0: Foul Ball, location: 2F 0-1: Called Strike 0-2: Ball 1-2: Ground out 6-3 (Groundball, 6, EV 83.1 MPH)
|
Batting: LHB Jose Moncada
|
0-0: Ball 1-0: Ball 2-0: Called Strike 2-1: Ball 3-1: Base on Balls
|
Pinch Hitting: RHB Jason Mooris
|
0-0: Ball 1-0: Called Strike 1-1: Ball 2-1: Called Strike 2-2: Ball 3-2: Base on Balls Jose Moncada to second
|
Pinch Hitting: RHB Mike Satterfield
|
0-0: Fielders Choice at 2nd, 6-4 (Groundball, 6, EV 93.8 MPH) Jose Moncada to third
|
Pinch Hitting: RHB Scott Rose
|
0-0: Called Strike 0-1: Ground out 4-3 (Groundball, 4, EV 102.5 MPH)
|
Bottom of the 9th over - 0 runs, 0 hits, 0 errors, 2 left on base; Louisiana State University 4 - University of Minnesota 0 |
|